 Dungeon Crawl Stone Soup version 0.29-a0-668-g12ee2bf84d (webtiles) character file.

Game seed: 597759540188815501

1549 happo123 the Digger (level 8, -3/69 HPs)
             Began as a Gargoyle Earth Elementalist on June 23, 2022.
             Killed from afar by Pikel (7 damage)
             ... with a bolt of light
             ... on level 6 of the Dungeon.
             The game lasted 00:41:26 (5407 turns).

happo123 the Digger (Gargoyle Earth Elementalist)   Turns: 5407, Time: 00:41:27

Health: -3/69      AC: 17    Str: 13    XL:     8   Next: 87%
Magic:  2/13       EV: 12    Int: 23    God:
Gold:   167        SH:  5    Dex: 10    Spells: 6/14 levels left

rFire   . . .      SeeInvis .   M - +1 mace (protect)
rCold   . . .      Faith    .   (no shield)
rNeg    + . .      Spirit   .   g - +0 leather armour
rPois   ∞          Reflect  +   N - +2 helmet
rElec   +          Harm     .   d - +0 cloak
rCorr   .          Rampage  .   (no gloves)
Will    .....                   (no boots)
Stlth   ..........              A - amulet of reflection
HPRegen 0.21/turn               k - +4 ring of protection
MPRegen 0.13/turn               q - +6 ring of intelligence

@: berserking, hasted, very quick
A: sickness immunity, AC +5, negative energy resistance 1, electricity
resistance, torment resistance 1, petrification resistance
a: no special abilities


You were on level 6 of the Dungeon.
You visited 1 branch of the dungeon, and saw 6 of its levels.
You also visited: Sewer.

You collected 339 gold pieces.
You spent 172 gold pieces at shops.

Inventory:

Hand Weapons
 e - a +0 mace
 w - a +2 dagger of speed
 y - a +0 flail
 F - a +0 hand axe of electrocution
 M - a +1 mace of protection (weapon)
Armour
 a - a +0 robe
 d - a +0 cloak (worn)
 g - a +0 leather armour (worn)
 m - a +0 helmet
 N - a +2 helmet (worn)
Magical Staves
 J - a staff of fire
Jewellery
 k - a +4 ring of protection (left hand)
 q - a +6 ring of intelligence (right hand)
 A - an amulet of reflection (around neck)
 C - a ring of flight
 K - a +6 ring of strength
Wands
 L - a wand of mindburst (10)
Scrolls
 h - 2 scrolls of teleportation {unknown}
 j - 2 scrolls of vulnerability
 l - 2 scrolls of fear
 n - a scroll of identify
 r - 2 scrolls of enchant weapon
 s - 2 scrolls of noise {unknown}
 u - a scroll of brand weapon {unknown}
 v - a scroll of magic mapping {unknown}
 z - a scroll of silence {unknown}
 D - a scroll of torment {unknown}
 E - a scroll of immolation {unknown}
Potions
 b - a potion of magic
 c - 2 potions of heal wounds {unknown}
 f - 3 potions of curing
 i - 3 potions of lignification {unknown}
 o - 3 potions of degeneration {unknown}
 p - a potion of brilliance {unknown}
 x - 2 potions of mutation {unknown}
 B - a potion of invisibility {unknown}
 G - 3 potions of haste
 H - a potion of attraction {unknown}
 I - a potion of flight {unknown}


   Skills:
 + Level 3.2 Fighting
 + Level 2.9 Maces & Flails
 + Level 3.5 Armour
 + Level 3.2 Dodging
 + Level 4.5 Stealth
 + Level 3.6 Spellcasting
 * Level 3.8 Transmutations
 * Level 6.9 Earth Magic


You had 6 spell levels left.
You knew the following spells:

 Your Spells              Type           Power      Damage    Failure   Level
a - Sandblast             Erth           72%        2d16      1%          1
b - Stone Arrow           Conj/Erth      40%        3d9       10%         3
c - Petrify               Tmut/Erth      29%        N/A       14%         4

Your spell library contained the following spells:

 Spells                   Type           Power      Damage    Failure   Level
 Passwall                 Tmut/Erth      24%        N/A       2%          2
 Animate Armour           Summ/Erth      40%        N/A       32%         4
 Lehudib's Crystal Spear  Conj/Erth      10%        10d4      100%        8


Dungeon Overview and Level Annotations

Branches:
Dungeon (6/15)              Sewer (visited)
 Temple: D:4-7

Altars:
Trog

Shops:
D:3 [

Annotations:
D:6 Pikel


Innate Abilities, Weirdness & Mutations

You are immune to sickness and miasma.
Your stone body is resilient. (AC +5)
You are immune to poison.
You resist negative energy. (rN+)
You are resistant to electric shocks. (rElec)
You are resistant to unholy torment.
You are immune to petrification.


Message History

The lemure misses you.
You completely miss Pikel.
Pikel is moderately wounded.
Pikel closely misses you. x2; The lemure closely misses you.
You hit Pikel.
Pikel is moderately wounded.
Pikel barely misses you. The lemure hits you but does no damage.
Pikel barely misses you.
Aiming: Sandblast (safe; 1% risk of failure)
Press: ? - help, Q - select action, (/) - cycle Shift-Dir - straight line, f/p - Pikel
Aim: Pikel, wielding a +2 whip of electrocution, wearing a +0 robe and carrying a wand of light (8) (moderately wounded, berserk, 77% to hit)
The blast of sand hits Pikel.
Pikel is moderately wounded.
You block Pikel's attack. The lemure hits you but does no damage.
Pikel completely misses you. The lemure hits you but does no damage.
Pikel misses you.
You feel yourself speed up. Pikel hits you but does no damage.
The lemure hits you.
Aiming: Sandblast (safe; 1% risk of failure)
Press: ? - help, Q - select action, (/) - cycle Shift-Dir - straight line, f/p - Pikel
Aim: Pikel, wielding a +2 whip of electrocution, wearing a +0 robe and carrying a wand of light (8) (moderately wounded, berserk, 77% to hit)
The blast of sand misses Pikel.
Pikel hits you with a +2 whip of electrocution!
* * * LOW HITPOINT WARNING * * *
The lemure barely misses you. Pikel barely misses you.
A red film seems to cover your vision as you go berserk!
You feel yourself moving faster!
You feel mighty! Pikel closely misses you.
The lemure hits you but does no damage.
You closely miss Pikel.
Pikel is moderately wounded.
Pikel is no longer berserk.
Pikel hits you but does no damage. You block the lemure's attack.
You block Pikel's attack.
You closely miss Pikel. You punch Pikel.
Pikel is heavily wounded.
The lemure hits you.
* * * LOW HITPOINT WARNING * * *
You closely miss Pikel.
Pikel is heavily wounded.
Pikel zaps a wand.
The bolt of light hits you!
You die...

.......[...#
#...).♣♣♣♣
.....'.....#
#...#♣..♣.
....##.....#
#####♣♣♣.♣ ###
##.....# ♣♣♣
#......#
#####'########
#............#
#..K5........#
#..@.........#
#............# ###
#............# ##..
#.<..........# #...
#............# #...
#............######'
#............<...#..
#....>...........#..
#................#..


You could see Pikel (slow) and a lemure.

Vanquished Creatures
  An ice beast (D:6)
  An ogre (D:4)
  A centaur (D:6)
  5 phantoms
  2 kobold brigands
  3 lemures (D:6)
  A necrophage (D:4)
  2 hounds
  A jelly (D:5)
  An orc priest (D:5)
  Crazy Yiuf (D:6)
  2 orc wizards
  Natasha (thrice) (D:2)
  5 iguanas
  11 adders
  3 gnolls (D:4)
  5 river rats
  A worm (D:5)
  7 dart slugs
  15 orcs
  6 endoplasms
  4 giant cockroaches
  9 goblins
  9 hobgoblins
  10 jackals
  A quokka (D:3)
  8 ball pythons
  5 bats
  3 frilled lizards
  13 kobolds
  13 rats
  A bush (D:1)
153 creatures vanquished.

Vanquished Creatures (others)
  20 plants
20 creatures vanquished.

Grand Total: 173 creatures vanquished

Notes
Turn   | Place    | Note
-------+----------+-------------------------------------------
     0 | D:1      | happo123 the Gargoyle Earth Elementalist began the quest
                  | for the Orb.
     0 | D:1      | Reached XP level 1. HP: 10/10 MP: 3/3
   223 | D:1      | Reached XP level 2. HP: 10/15 MP: 1/5
   382 | D:1      | Reached skill level 4 in Earth Magic
   467 | D:1      | Reached skill level 1 in Transmutations
   470 | D:1      | Reached XP level 3. HP: 10/20 MP: 1/6
   474 | D:1      | Learned a level 3 spell: Stone Arrow
  1011 | D:2      | Noticed Natasha
  1014 | D:2      | Killed Natasha
  1015 | D:2      | Reached skill level 1 in Armour
  1015 | D:2      | Reached XP level 4. HP: 17/24 MP: 3/7
  1015 | D:2      | Found a faded altar of an unknown god.
  1055 | D:2      | Found a bloodstained altar of Trog.
  1243 | D:2      | Reached skill level 1 in Fighting
  1359 | D:2      | Noticed Natasha
  1365 | D:2      | Killed Natasha
  1439 | D:2      | Noticed Natasha
  1442 | D:2      | Killed Natasha
  1443 | D:2      | Reached XP level 5. HP: 29/29 MP: 2/8
  1735 | D:3      | Found Dususuj's Antique Armour Boutique.
  1838 | D:3      | Found a glowing drain.
  1848 | Sewer    | Entered a sewer
  1868 | Sewer    | Reached skill level 1 in Maces & Flails
  2038 | Sewer    | Reached XP level 6. HP: 28/34 MP: 5/9
  2044 | Sewer    | Learned a level 4 spell: Petrify
  2136 | Sewer    | Reached skill level 5 in Earth Magic
  2853 | D:4      | Reached XP level 7. HP: 35/40 MP: 5/11
  3344 | D:4      | Reached skill level 6 in Earth Magic
  3405 | D:4      | Reached XP level 8. HP: 39/45 MP: 7/12
  3618 | D:5      | Entered Level 5 of the Dungeon
  4644 | D:6      | HP: 2/46 [kobold brigand/+0 whip (2)]
  4961 | D:6      | Found a runed translucent door.
  4962 | D:6      | Noticed Crazy Yiuf
  4968 | D:6      | Killed Crazy Yiuf
  5103 | D:3      | Bought a glowing helmet for 172 gold pieces
  5382 | D:6      | Noticed Pikel
  5407 | D:6      | Killed from afar by Pikel

Illustrated notes

Levels and vault maps discovered:
D:1:      roderic_octagonal_star, layout_rooms, serial_forest,
          infiniplex_forest_clump_C, infiniplex_forest_diagonal,
          infiniplex_forest_corner_2, infiniplex_forest_clump_diagonal,
          infiniplex_forest_end_double, infiniplex_forest_end_1,
          infiniplex_forest_clump_C, infiniplex_forest_zigzag_1
D:2:      layout_loops_ring, basic_altar,
          chequers_ecumenical_altar_simple_redux, uniq_natasha
D:3:      kennysheep_six_static_rooms, layout_basic, serial_shops, shop,
          portal_sewer_entry_a
D:4:      layout_basic, chequers_serial_rivers_small_a,
          hangedman_decor_clover_reticule, kennysheep_generic_room_14
D:5:      layout_loops_ring, serial_rivers, chequers_serial_rivers_small_b,
          chequers_serial_rivers_large_b, chequers_serial_rivers_room_a,
          chequers_serial_rivers_small_3, chequers_serial_rivers_micro_c,
          chequers_serial_rivers_small_b, grunt_ministairs_3,
          kennysheep_generic_room_16
D:6:      layout_gridville, mainiacjoe_overflow_brackets, uniq_pikel,
          uniq_crazy_yiuf_cottage

Skill      XL: |  1  2  3  4  5  6  7  8 |
---------------+-------------------------+-----
Earth Magic    | 4 5 6 |  6.9
Transmutations | 1 2 3 |  3.8
Armour         | 1 2 3 |  3.5
Dodging        | 2 3 |  3.2
Fighting       | 1 2 3 |  3.2
Maces & Flails | 1 2 |  2.9
Stealth        | 3 4 |  4.5
Spellcasting   | 3 |  3.6

Action                   |  1- 3 |  4- 6 |  7- 9 || total
-------------------------+-------+-------+-------++-------
Melee: Unarmed           |    20 |       |       ||    20
       Mace              |   122 |    76 |    18 ||   216
       Punch             |       |     1 |     5 ||     6
       Flail             |       |     7 |   110 ||   117
 Cast: Sandblast         |    33 |    73 |    68 ||   174
       Stone Arrow       |     2 |     4 |    25 ||    31
  Use: Scroll            |       |       |     4 ||     4
       Potion            |       |       |     3 ||     3
 Stab: Sleeping          |     4 |     3 |     3 ||    10
Armor: Robe              |    34 |    66 |     3 ||   103
       Leather armour    |       |       |    79 ||    79
Dodge: Dodged            |    49 |   105 |   105 ||   259
Block: Other             |       |       |    56 ||    56
       Reflection        |       |       |     1 ||     1

Table legend: (Time is in decaauts)
 A = Elapsed time spent in this place.
 B = Non-inter-level travel time spent in this place.
 C = Inter-level travel time spent in this place.
 D = Time resting spent in this place.
 E = Time spent auto-exploring this place.
 F = Levels seen in this place.
 G = Mean time per level.
                   A        B        C        D        E       F      G
               +--------+--------+--------+--------+--------+-----+--------+
         Total |   5857 |   3827 |   2030 |    441 |   1439 |   7 |  836.7 |
       Dungeon |   5132 |   3102 |   2030 |    441 |   1197 |   6 |  855.3 |
         Sewer |    724 |    724 |      0 |      0 |    241 |   1 |  724.0 |
               +--------+--------+--------+--------+--------+-----+--------+

Top non-repeatable levels by time:
     D:5: 1037 daAuts
     D:1: 987 daAuts
     D:4: 878 daAuts
     D:2: 757 daAuts
     D:3: 747 daAuts
     D:6: 725 daAuts
   Sewer: 724 daAuts
